 Dungeon Crawl Stone Soup version 0.29-a0-878-g7b45a56547 (webtiles) character file.

Game seed: 6424511651375140180

58 xian the Sneak (level 4, -2/23 HPs)
             Began as a Vine Stalker Brigand on July 20, 2022.
             Slain by a goblin
             ... wielding a +0 dagger
             ... led by Robin
              (3 damage)
             ... on level 2 of the Dungeon.
             The game lasted 00:05:13 (1981 turns).

xian the Sneak (Vine Stalker Brigand)               Turns: 1981, Time: 00:05:15

Health: -2/23      AC:  3    Str: 14    XL:     4   Next: 2%
Magic:  0/5        EV: 10    Int: 11    God:
Gold:   5          SH: 13    Dex: 17    Spells: 3/3 levels left

rFire   . . .      SeeInvis .   a - +2 dagger
rCold   . . .      Faith    .   j - +0 kite shield
rNeg    . . .      Spirit   +   b - +0 robe
rPois   .          Reflect  +   (no helmet)
rElec   .          Harm     .   c - +0 cloak
rCorr   .          Rampage  .   (no gloves)
Will    .....                   (no boots)
Stlth   +++.......              m - amulet of reflection
HPRegen 0.87/turn               (no ring)
MPRegen 0.09/turn               (no ring)

@: lethally poisoned (-2 -> -4)
A: fangs 2, regeneration 1, magic shield, antimagic bite, no potion heal 2
a: no special abilities


You were on level 2 of the Dungeon.
You visited 1 branch of the dungeon, and saw 2 of its levels.

You collected 5 gold pieces.

Inventory:

Hand Weapons
 a - a +2 dagger (weapon)
Missiles
 d - 9 poisoned darts (quivered)
 e - 3 curare-tipped darts
Armour
 b - a +0 robe (worn)
 c - a +0 cloak (worn)
 j - a +0 kite shield (worn)
Jewellery
 m - an amulet of reflection (around neck)


   Skills:
 + Level 2.0 Fighting
 + Level 2.2 Short Blades
 + Level 1.8 Throwing
 + Level 0.9 Dodging
 + Level 6.2 Stealth
 + Level 0.3 Shields


You had 3 spell levels left.
You didn't know any spells.
Your spell library contained the following spells:

 Spells                   Type           Power      Damage    Failure   Level
 Leda's Liquefaction      Hex/Erth       0%         N/A       100%        4
 Lee's Rapid Deconstruct  Erth           0%         3d5*      100%        5
 Statue Form              Tmut/Erth      0%         N/A       100%        6


Dungeon Overview and Level Annotations

Branches:
Dungeon (2/15)

Altars:

Annotations:
D:2 Robin


Innate Abilities, Weirdness & Mutations

You have extremely sharp teeth.
Your natural rate of healing is unusually fast.
When hurt, damage is shared between your health and your magic reserves.
Your bite disrupts and absorbs the magic of your enemies.
Potions cannot restore your health.


Message History

You barely miss the adder. Your bite misses the adder.
The adder is severely wounded.
You block the adder's attack. You block the goblin's attack. x2
The goblin closely misses you. The hobgoblin hits you.
You barely miss the adder.
The adder is severely wounded.
Robin hits you from afar with a +0 trident.
The adder bites you.
You are poisoned.
The adder poisons you! You block the goblin's attack. x2
Robin hits you from afar with a +0 trident.
The goblin closely misses you. The hobgoblin hits you.
You barely miss the goblin. You bite the goblin. You drain its power.
You feel invigorated.
The goblin is severely wounded.
You feel sick. The adder bites you. The goblin hits you with a +0 club.
* * * LOW HITPOINT WARNING * * *
You block the goblin's attack. The goblin hits you but does no damage.
The hobgoblin hits you.
* * * LOW HITPOINT WARNING * * *
The adder bites you.
* * * LOW HITPOINT WARNING * * *
Robin barely misses you.
You hit the goblin but do no damage.
The goblin is severely wounded.
You feel sick. You block Robin's attack. The adder bites you.
* * * LOW HITPOINT WARNING * * *
You are more poisoned.
The adder poisons you! The goblin closely misses you.
The goblin hits you with a +0 dagger. The goblin closely misses you.
The hobgoblin barely misses you.
You aren't carrying any potions.
As you read the scroll of magic mapping, it crumbles to dust.
You feel aware of your surroundings.
* * * LOW HITPOINT WARNING * * *
You feel sick.
Robin roars a battlecry!
The goblin goes into a battle-frenzy!
You block the adder's attack. The goblin hits you with a +0 dagger.
You die...

,,,,,,,,,,*,*,*,* ##.......#.*,
,**,**,*,,,,,,,,* ###.|.....#.*,
,,,,,,,*,.*,*,*,* #.........#.*,
***,*,,,,..,,,,,* #.#.#######.**
,,*,*,***.#.*,*,* #.#.# *,*
*,*,*,*,*,...,,,* #.#.# *,*
*,*,*,,,*#.#..,** ##+#.# ***,**
*,*,***,*#....g####...##****,*,,,
,,*,* *,,....ggS@g§...+,,,,,,,,,,
,,*,*****####.#ggg§...#*****,**,,
,,*,,,,,,,,,,,#§##§...# *,**,,
,,*******,,***#.#.....# *,**,,
,,* *,,*,,* #.#.#####*****,**,,
,,* *,,*,,* #.#.,,,,,,,,,,,**,,
,,* *,,*,,* #.##*********,,**,,
,,* *,<*,,* #.*,,,,,,,,,,,,**,,
*,****,,*,,* *,*,**********,**,,


You could see Robin (fast), an adder, a hobgoblin (strong) and 4 goblins.

Vanquished Creatures
  An adder (D:2)
  2 dart slugs (D:1)
  4 bats (D:1)
  3 endoplasms (D:1)
  2 giant cockroaches
  6 goblins
  5 hobgoblins
  6 jackals (D:1)
  A quokka (D:1)
  2 frilled lizards (D:1)
  3 kobolds (D:1)
  4 rats
39 creatures vanquished.

Notes
Turn   | Place    | Note
-------+----------+-------------------------------------------
     0 | D:1      | xian the Vine Stalker Brigand began the quest for the Orb.
     0 | D:1      | Reached XP level 1. HP: 11/11 MP: 2/2
    47 | D:1      | Reached skill level 5 in Stealth
   190 | D:1      | Reached XP level 2. HP: 13/15 MP: 3/3
   436 | D:1      | Found a faded altar of an unknown god.
   744 | D:1      | Reached XP level 3. HP: 18/18 MP: 4/4
   889 | D:1      | Reached skill level 6 in Stealth
  1942 | D:2      | Noticed Robin
  1950 | D:2      | Gained mutation: Your natural rate of healing is unusually
                  | fast. [Vine Stalker growth]
  1950 | D:2      | Reached XP level 4. HP: 23/23 MP: 5/5
  1980 | D:2      | HP: 1/23 [adder (1)]
  1981 | D:2      | Slain by a goblin

Illustrated notes

Levels and vault maps discovered:
D:1:      minmay_arrival_shattered_statue, layout_loops_corners,
          shapermc_ecumenical_altar_acropolis, st_stairs_13
D:2:      layout_basic, serial_co_window_serial, co_window_of_opportunity_a,
          co_window_corner_a, co_window_paths_b, co_window_corner_a,
          co_window_paths_b, co_window_corner_b, co_window_unsneaky_path_e,
          co_window_unsneaky_path_c, co_window_4corner_a, co_window_4corner_b,
          glass_columns_c, glass_columns_b, glass_columns_a, glass_columns_b,
          uniq_robin, uniq_sigmund

Skill      XL: |  1  2  3 |
---------------+----------+-----
Stealth        | 5 6 |  6.2
Short Blades   | 2 |  2.2
Fighting       | 2 |  2.0
Throwing       | |  1.8
Dodging        | |  0.9
Shields        | |  0.3

Action                   |  1- 3 |  4- 6 || total
-------------------------+-------+-------++-------
Melee: Dagger            |   117 |    29 ||   146
       Bite              |    30 |     1 ||    31
       Punch             |     1 |       ||     1
  Use: Scroll            |     5 |     3 ||     8
       Potion            |     1 |       ||     1
 Stab: Sleeping          |    11 |       ||    11
Armor: Robe              |    31 |     6 ||    37
       Skin              |    11 |    77 ||    88
Dodge: Dodged            |    57 |    24 ||    81
Block: Kite shield       |    51 |    70 ||   121

Table legend: (Time is in decaauts)
 A = Elapsed time spent in this place.
 B = Non-inter-level travel time spent in this place.
 C = Inter-level travel time spent in this place.
 D = Time resting spent in this place.
 E = Time spent auto-exploring this place.
 F = Levels seen in this place.
 G = Mean time per level.
                   A        B        C        D        E       F      G
               +--------+--------+--------+--------+--------+-----+--------+
         Total |   1983 |   1974 |      9 |    264 |   1264 |   2 |  991.5 |
       Dungeon |   1983 |   1974 |      9 |    264 |   1264 |   2 |  991.5 |
               +--------+--------+--------+--------+--------+-----+--------+

Top non-repeatable levels by time:
     D:1: 1614 daAuts
     D:2: 369 daAuts
